 Dungeon Crawl Stone Soup version 0.28-a0-1087-gf3fc490d9d (webtiles) character file.

Game seed: 12979094269428521558

167 bande the Covered (level 5, -1/33 HPs)
             Began as a Gargoyle Fighter on Dec 11, 2021.
             Killed by divine providence
             ... invoked by an orc priest
              (17 damage)
             ... on level 3 of the Dungeon.
             The game lasted 00:03:58 (2232 turns).

bande the Covered (Gargoyle Fighter)                Turns: 2232, Time: 00:03:59

Health: -1/33      AC: 20    Str: 19    XL:     5   Next: 48%
Magic:  5/5        EV:  5    Int:  9    God:
Gold:   123        SH:  4    Dex: 11    Spells: 4/4 levels left

rFire   + . .      SeeInvis .   a - +0 war axe
rCold   . . .      Faith    .   c - +0 buckler
rNeg    + . .      Spirit   .   i - +0 plate armour
rPois   ∞          Reflect  .   o - +0 helmet
rElec   +          Harm     .   (no cloak)
rCorr   .          Rampage  .   g - +0 pair of gloves
Will    .....                   (no boots)
Stlth   ..........              (no amulet)
HPRegen 0.11/turn               p - ring of protection from fire
MPRegen 0.09/turn               (no ring)

@: no status effects
A: sickness immunity, AC +4, negative energy resistance 1, electricity
resistance, torment resistance 1, petrification resistance, iridescent scales 1
a: no special abilities


You were on level 3 of the Dungeon.
You visited 1 branch of the dungeon, and saw 3 of its levels.

You collected 123 gold pieces.

Inventory:

Hand Weapons
 a - a +0 war axe (weapon)
Armour
 c - a +0 buckler (worn)
 g - a +0 pair of gloves (worn)
 i - a +0 plate armour (worn)
 o - a +0 helmet (worn)
Jewellery
 h - a ring of wizardry
 p - a ring of protection from fire (left hand)
Scrolls
 j - 2 scrolls of teleportation
 k - a scroll of identify
Potions
 b - a potion of mutation
 d - a potion of might
 e - a potion of berserk rage
 f - a potion of degeneration {unknown}
 l - a potion of heal wounds {unknown}
 m - a potion of haste {unknown}
 n - a potion of ambrosia {unknown}


   Skills:
 + Level 3.9 Fighting
 + Level 3.8 Axes
 + Level 4.1 Armour
 - Level 0.2 Dodging
 + Level 3.8 Shields


You had 4 spell levels left.
You didn't know any spells.
Your spell library contained the following spells:

 Spells                   Type           Power      Damage    Failure   Level
 Summon Small Mammal      Summ           0%         N/A       100%        1
 Call Canine Familiar     Summ           0%         N/A       100%        3
 Summon Guardian Golem    Hex/Summ       0%         N/A       100%        3


Dungeon Overview and Level Annotations

Branches:
Dungeon (3/15)

Altars:
The Shining One

Annotations:
D:3 Terence


Innate Abilities, Weirdness & Mutations

You are immune to sickness and miasma.
Your stone body is resilient. (AC +4)
You are immune to poison.
You resist negative energy. (rN+)
You are resistant to electric shocks. (rElec)
You are resistant to unholy torment.
You are immune to petrification.
You are partially covered in iridescent scales. (AC +2)


Message History

Terence barely misses you. Terence screams, "I want your blood!"
Terence hits you with a +0 flail.
Your plate armour prevents you from hitting Terence.
Terence is heavily wounded.
Terence hits you with a +0 flail.
An orc comes into view. It is wielding a +0 mace.
Your plate armour prevents you from hitting Terence.
Terence is heavily wounded.
The orc shouts!
You hear a shout!
You block Terence's attack.
You hit Terence but do no damage.
Terence is heavily wounded.
Terence hits you but does no damage. x2
You hit Terence.
Terence is almost dead.
Terence hits you but does no damage.
You hit Terence but do no damage.
Terence is almost dead.
Terence hits you with a +0 flail.
You hit Terence but do no damage.
Terence is almost dead.
Terence hits you with a +0 flail.
An orc priest comes into view. It is wielding a +0 whip.
Terence hits you but does no damage.
You are too injured to fight recklessly!
You are too injured to fight recklessly!
You are too injured to fight recklessly!
You are too injured to fight recklessly!
You are too injured to fight recklessly!
You are too injured to fight recklessly!
You are too injured to fight recklessly!
You are too injured to fight recklessly!
You are too injured to fight recklessly!
You are too injured to fight recklessly!
The orc priest shouts!
The orc priest calls down the wrath of Beogh upon you.
Beogh smites you!
Ouch! That really hurt!
You die...

#. ##.# #. #.#
....# #.##.## .o.
#.#...##...
#......#.#
#......oB# #.....@#
###.#...##
#...##@## ..
..#...##.###...# #.
...............#
#.#######...###.(.#
#.........#.# ##
.#.###.#.#.###
#.....#.#...
#.._..#...##
#...†.#...#


You could see Terence, an orc priest, an orc and a giant cockroach.

Vanquished Creatures
  A necrophage (D:2)
  Robin (D:3)
  An adder (D:2)
  A worm (D:2)
  A dart slug (D:2)
  2 endoplasms
  4 giant cockroaches
  11 goblins
  4 hobgoblins
  3 jackals (D:1)
  A quokka (D:1)
  2 ball pythons
  10 bats
  3 frilled lizards
  6 kobolds
  5 rats
56 creatures vanquished.

Vanquished Creatures (others)
  5 plants (D:2)
5 creatures vanquished.

Grand Total: 61 creatures vanquished

Notes
Turn   | Place    | Note
-------+----------+-------------------------------------------
     0 | D:1      | bande the Gargoyle Fighter began the quest for the Orb.
     0 | D:1      | Reached XP level 1. HP: 14/14 MP: 1/1
   222 | D:1      | Reached XP level 2. HP: 19/19 MP: 2/2
   330 | D:1      | Found a faded altar of an unknown god.
   595 | D:1      | Gained mutation: You are weak. (Str -2) [potion of
                  | mutation]
   595 | D:1      | Gained mutation: You are partially covered in iridescent
                  | scales. (AC +2) [potion of mutation]
   595 | D:1      | Lost mutation: You are weak. (Str -2) [potion of mutation]
  1104 | D:2      | Reached XP level 3. HP: 23/23 MP: 3/3
  1537 | D:2      | Noticed a necrophage
  1547 | D:2      | Killed a necrophage
  1548 | D:2      | Reached skill level 4 in Armour
  1548 | D:2      | Reached XP level 4. HP: 29/29 MP: 4/4
  1548 | D:2      | Reached XP level 5. HP: 33/33 MP: 5/5
  2059 | D:3      | Noticed Robin
  2077 | D:3      | Killed Robin
  2192 | D:3      | Found a glowing golden altar of the Shining One.
  2215 | D:3      | Noticed Terence
  2232 | D:3      | Killed from afar by an orc priest

Illustrated notes

Levels and vault maps discovered:
D:1:      onia_arrival_pentagram, layout_basic, chequers_ecumenical_altar_grove,
          serial_forest, infiniplex_forest_fountain,
          infiniplex_forest_clump_curved, infiniplex_forest_lined_2,
          infiniplex_forest_clump_curved, infiniplex_forest_straight_4,
          moated_statue
D:2:      layout_loops_cross, hangedman_glass_teeth, serial_bayou_lagoon_b
D:3:      layout_loops_ring, mainiacjoe_overflow_cross_hatched,
          roderic_serpentine_path, uniq_robin, uniq_terence

Skill      XL: |  1  2  3 |
---------------+----------+-----
Axes           | 2 3 |  3.8
Armour         | 4 |  4.1
Fighting       | |  3.9
Dodging        | |  0.2
Shields        | |  3.8

Action                   |  1- 3 |  4- 6 || total
-------------------------+-------+-------++-------
Melee: War axe           |   100 |    65 ||   165
  Use: Scroll            |     5 |     1 ||     6
       Potion            |     1 |       ||     1
Armor: Scale mail        |    49 |       ||    49
       Plate armour      |    41 |    45 ||    86
Dodge: Dodged            |    55 |    17 ||    72
Block: Buckler           |    15 |     8 ||    23

Table legend: (Time is in decaauts)
 A = Elapsed time spent in this place.
 B = Non-inter-level travel time spent in this place.
 C = Inter-level travel time spent in this place.
 D = Time resting spent in this place.
 E = Time spent auto-exploring this place.
 F = Levels seen in this place.
 G = Mean time per level.
                   A        B        C        D        E       F      G
               +--------+--------+--------+--------+--------+-----+--------+
         Total |   2309 |   2266 |     43 |      0 |   1767 |   3 |  769.7 |
       Dungeon |   2309 |   2266 |     43 |      0 |   1767 |   3 |  769.7 |
               +--------+--------+--------+--------+--------+-----+--------+

Top non-repeatable levels by time:
     D:1: 1040 daAuts
     D:2: 870 daAuts
     D:3: 397 daAuts
